Map: Solaris LE

Players

아르타니스 - Winner!

  • Race: Protoss Protoss
  • League: Platinum
  • Spawn Location: 7:00

gogogo

  • Race: Terran Terran
  • League: Platinum
  • Spawn Location: 1:00

VOD

Have the link to the VOD?

Description

Prior Star gate

Time

  • Played on: Nov. 2, 2023, 2:21 a.m.
  • Length: 8:55
Show
View Real Time Build Order
Export as new Build Order

아르타니스 Protoss - Winner!

Build Orders: Phoenix Opening 

Get SALT Encoding   

  12  0:00  Probe  
  13  0:17  Pylon  
  13  0:20  Probe  
  14  0:33  Probe  
  15  0:38  Gateway  
  15  0:45  Probe (Chrono Boost)  
  16  0:50  Assimilator  
  16  0:55  Probe (Chrono Boost)  
  17  0:59  Pylon  
  17  1:00  Probe (Chrono Boost)  
  19  1:11  Probe  
  19  1:32  Cybernetics Core  
  19  1:34  Assimilator  
  19  1:45  Nexus  
  19  1:52  Pylon  
  19  1:56  Probe  
  20  2:06  Adept (Chrono Boost)  
  20  2:09  Warp Gate  
  22  2:17  Probe  
  23  2:29  Probe  
  24  2:39  Stargate  
  24  2:42  Probe  
  25  2:56  Gateway  
  25  2:58  Gateway  
  25  3:02  Probe (Chrono Boost)  
  25  3:03  Probe (Chrono Boost)  
  27  3:14  Probe (Chrono Boost)  
  27  3:17  Stalker  
  27  3:19  Probe (Chrono Boost)  
  31  3:24  Shield Battery  
  31  3:26  Phoenix (Chrono Boost)  
  31  3:31  Probe  
  31  3:32  Probe  
  35  3:48  Phoenix  
  35  3:49  Pylon  
  35  3:53  Probe  
  35  3:54  Probe  
  39  3:58  Adept x2  
  39  4:01  Sentry  
  45  4:06  Probe  
  46  4:14  Assimilator  
  46  4:19  Robotics Facility  
  46  4:22  Adept  
  46  4:23  Adept  
  50  4:43  Phoenix (Chrono Boost)  
  52  4:53  Probe x2  
  52  4:59  Assimilator  
  54  5:00  Pylon  
  54  5:02  Adept x2  
  54  5:03  Adept  
  54  5:05  Probe x2  
  62  5:08  Pylon  
  62  5:17  Forge  
  62  5:18  Observer (Chrono Boost), Forge  
  63  5:25  Probe x2  
  65  5:41  Robotics Bay  
  65  5:43  Pylon  
  65  5:44  Phoenix  
  65  5:45  Immortal (Chrono Boost)  
  65  5:47  Pylon  
  67  6:17  Stalker x3  
  51  6:38  Colossus (Chrono Boost)  
  51  6:43  Protoss Ground Weapons Level 1 (Chrono Boost), Probe x2  
  59  6:47  Observer  
  59  6:50  Protoss Ground Armor Level 1 (Chrono Boost)  
  59  6:55  Nexus  
  59  6:58  Pylon  
  59  6:59  Pylon  
  59  7:03  Probe x2  
  59  7:08  Phoenix  
  63  7:15  Probe x2  
  65  7:19  Gateway  
  65  7:21  Gateway  
  65  7:22  Gateway x2  
  65  7:27  Probe x2  
  67  7:33  Photon Cannon  
  67  7:35  Shield Battery  
  67  7:38  Phoenix  
  69  7:50  Probe x2  
  71  7:51  Disruptor  
  75  8:00  Shield Battery  
  75  8:02  Probe x2  
  75  8:04  Phoenix (Chrono Boost)  
  79  8:12  Adept x2  
  83  8:13  Adept  
  85  8:27  Photon Cannon  
  85  8:33  Photon Cannon  
Show
View Real Time Build Order
Export as new Build Order

gogogo Terran 

Build Orders:  

Get SALT Encoding   

  12  0:00  SCV  
  13  0:12  SCV  
  14  0:18  Supply Depot  
  14  0:24  SCV  
  15  0:39  SCV  
  15  0:41  Barracks  
  16  0:44  Refinery  
  16  0:51  SCV  
  16  0:55  Refinery  
  17  1:03  SCV  
  18  1:15  SCV  
  19  1:28  Supply Depot  
  19  1:32  Orbital Command  
  19  1:35  Barracks Tech Lab  
  19  1:47  Factory  
  19  1:53  Marine  
  20  1:57  SCV  
  21  2:11  Barracks  
  21  2:13  Marine  
  22  2:16  SCV  
  23  2:31  Starport  
  23  2:32  Factory Reactor  
  23  2:38  Marauder  
  23  2:40  SCV  
  26  2:47  Supply Depot  
  26  2:52  SCV  
  27  2:59  Marine  
  27  3:02  Marauder  
  30  3:05  Stimpack  
  30  3:17  Factory Tech Lab  
  30  3:19  Medivac  
  32  3:22  Medivac  
  34  3:27  Marine  
  34  3:29  Marine  
  36  3:39  Siege Tank  
  39  3:44  Supply Depot  
  39  4:06  Marauder, SCV, Marine  
  39  4:07  Barracks  
  43  4:22  SCV  
  43  4:24  Marine  
  45  4:25  Supply Depot  
  45  4:28  Marauder  
  47  4:45  Concussive Shells  
  47  4:47  Viking, Siege Tank, Marine  
  45  4:57  Marine x2  
  47  5:04  Marine  
  47  5:06  SCV  
  49  5:08  Supply Depot  
  49  5:14  Marine  
  49  5:15  Marine  
  49  5:18  SCV  
  52  5:22  Siege Tank  
  55  5:29  Marine  
  55  5:31  SCV, Supply Depot  
  55  5:32  Marine x2  
  59  5:36  Medivac  
  61  5:43  SCV  
  61  5:47  Marine  
  63  5:52  Marine x2  
  64  6:05  Marine  
  64  6:10  Marine x2  
  58  6:23  Marine  
  38  6:46  Marauder, Marine x2  
  42  6:48  Siege Tank  
  42  6:50  Medivac  
  42  6:51  SCV  
  48  7:00  Combat Shield  
  48  7:03  SCV  
  48  7:04  Command Center, Marine x2  
  48  7:05  Supply Depot  
  51  7:15  SCV  
  52  7:20  Siege Tank  
  52  7:21  Marauder  
  52  7:22  Marine x2  
  59  7:26  Medivac  
  59  7:28  Medivac  
  63  7:39  Marine  
  63  7:40  Marine  
  63  7:43  Marauder  
  67  7:50  SCV  
  68  7:57  Marine x2  
  70  8:04  Marauder  
  72  8:13  SCV  
  72  8:17  Orbital Command  
  73  8:22  Refinery x2  
  73  8:25  SCV  
  73  8:26  Marine  
  78  8:30  Marine x2  
  80  8:37  SCV  
Tags
 
Add a new tag
Caveats
  • Supply blocks, unpowered buildings, or Contaminate may cause inaccurate times.
  • Supply counts are checked every 10 seconds.